 Dungeon Crawl Stone Soup version 0.30-a0-364-gf6b3ef1049 (webtiles) character file.

Game seed: 2851604751852577709

847 HoaS the Skirmisher (level 8, -10/44 HPs)
             Began as a Kobold Hunter on Nov 15, 2022.
             Mangled by an ogre
             ... wielding a +0 giant spiked club
              (35 damage)
             ... on level 5 of the Dungeon.
             The game lasted 00:08:15 (4207 turns).

HoaS the Skirmisher (Kobold Hunter)                 Turns: 4207, Time: 00:08:16

Health: -10/44     AC:  7    Str:  9    XL:     8   Next: 20%
Magic:  8/8        EV: 15    Int: 10    God:
Gold:   267        SH:  0    Dex: 23    Spells: 7/7 levels left

rFire   . . .      SeeInvis .    a - +1 shortbow (vorpal)
rCold   . . .      Faith    .    (shield currently unavailable)
rNeg    . . .      Spirit   .    c - +1 leather armour
rPois   .          Reflect  .    (no helmet)
rElec   .          Harm     .    (no cloak)
rCorr   .          Rampage  .    m - +0 pair of gloves
Will    .....                    e - +1 pair of boots "Adihayf" {Dex+3}
Stlth   +++.......               (no amulet)
HPRegen 0.27/turn                (no ring)
MPRegen 0.11/turn                (no ring)

@: lethally poisoned (-10 -> -26)
A: small, no large weapons, nightstalker 3
a: no special abilities


You were on level 5 of the Dungeon.
You visited 1 branch of the dungeon, and saw 5 of its levels.

You collected 267 gold pieces.

Inventory:

Hand Weapons
 a - a +1 vorpal shortbow (weapon)
Missiles
 h - a throwing net
Armour
 c - a +1 leather armour (worn)
 e - the +1 pair of boots "Adihayf" (worn) {Dex+3}
   (You acquired it on level 3 of the Dungeon)

   Dex:       It affects your dexterity (+3).
 m - a +0 pair of gloves (worn)
Wands
 f - a wand of charming (6)
 k - a wand of polymorph (9)
 n - a wand of mindburst (8)
Scrolls
 b - a scroll of immolation
 l - a scroll of identify
Potions
 d - 2 potions of lignification
 g - a potion of resistance
 j - a potion of flight


   Skills:
 - Level 2.1 Fighting
 + Level 12.4 Ranged Weapons
 - Level 2.4 Dodging
 - Level 1.3 Stealth


You had 7 spell levels left.
You didn't know any spells.
Your spell library contained the following spells:

 Spells                   Type           Power      Damage    Failure   Level
 Apportation              Tloc           0%         N/A       47%         1
 Necrotise                Necr           0%         1d4       47%         1
 Summon Small Mammal      Summ           0%         N/A       47%         1
 Dazzling Flash           Conj/Hex       0%         N/A       85%         3
 Vhi's Electric Charge    Tloc/Air       0%         N/A       85%         3
 Iskenderun's Mystic Bla  Conj/Tloc      0%         2d3       99%         4
 Arcjolt                  Conj/Air       0%         1d10      100%        5
 Starburst                Conj/Fire      0%         6d3       100%        6
 Maxwell's Capacitive Co  Air            0%         ∞         100%        8


Dungeon Overview and Level Annotations

Branches:
Dungeon (5/15)
 Temple: D:4-7

Altars:
Fedhas
Gozag

Shops:
D:3 *


Innate Abilities, Weirdness & Mutations

You are small and have problems with some larger weapons.
You are completely attuned to the shadows.


Message History

Something hits you but does no damage.
You are poisoned.
The orc misses you. Something hits you.
You are more poisoned.
You feel very sick.
You hear some strange, mumbled words.
A puff of flame appears from out of thin air!
The puff of flame hits you!
You feel very sick.
A puff of flame appears from out of thin air!
The puff of flame hits you.
You shoot an arrow. The arrow hits the orc.
You kill the orc!
You feel very sick.
You are too injured to fight recklessly!
You feel sick.
You are too injured to fight recklessly!
You are too injured to fight recklessly!
You are too injured to fight recklessly!
You are too injured to fight recklessly!
You feel better.
An ogre comes into view. It is wielding a +0 giant spiked club.
You shoot an arrow. You shoot an arrow. The arrow hits the ogre!
The ogre is heavily wounded.
You hear some strange, mumbled words.
A magic dart appears from out of thin air!
The magic dart hits you.
You shoot an arrow. The arrow barely misses the ogre.
Something hits you but does no damage.
You shoot an arrow. Something hits you but does no damage.
You are poisoned.
The ogre misses you.
You shoot an arrow.
You feel very sick. Something hits you.
You are more poisoned.
The ogre hits you with a +0 giant spiked club!!
Ouch! That really hurt!
You die...

...##..### #..........#
...####..## ##.........#
...# ##..## #........##
...# ###.####......## ...#
##..###....## ...#
##..##...## #.. ..##
###..#.## #... ..#
#...O####.{.. ###
##..@{..#..)..
##.....##)))...
#.....###......
############....###.......
#..............###........
...............#
#########.#
.............### #.#
...........### ##.#
....>.....## #..#


You could see an ogre.

Vanquished Creatures
  Edmund (D:5)
  An ice beast (D:5)
  A black bear (D:5)
  2 ogres (D:5)
  2 jellies (D:5)
  A hound (D:4)
  Jessica (D:3)
  Ijyb (D:5)
  2 orc wizards
  4 gnolls (D:3)
  4 adders
  A white imp (D:5)
  2 worms
  A dart slug (D:2)
  12 orcs
  4 ball pythons
  7 bats
  4 endoplasms
  6 giant cockroaches
  14 goblins
  4 hobgoblins
  6 jackals
  6 kobolds
  4 quokkas
  5 frilled lizards
  8 rats
104 creatures vanquished.

Vanquished Creatures (others)
  2 jackals (D:1)
2 creatures vanquished.

Grand Total: 106 creatures vanquished

Notes
Turn   | Place    | Note
-------+----------+-------------------------------------------
     0 | D:1      | HoaS the Kobold Hunter began the quest for the Orb.
     0 | D:1      | Reached XP level 1. HP: 12/12 MP: 1/1
   164 | D:1      | Reached XP level 2. HP: 17/17 MP: 2/2
   171 | D:1      | Reached skill level 6 in Ranged Weapons
   356 | D:1      | Reached XP level 3. HP: 21/21 MP: 3/3
   890 | D:2      | Reached skill level 7 in Ranged Weapons
   950 | D:2      | Reached XP level 4. HP: 26/26 MP: 4/4
  2041 | D:3      | Found a faded altar of an unknown god.
  2217 | D:3      | Reached XP level 5. HP: 30/30 MP: 5/5
  2279 | D:3      | Noticed Jessica
  2280 | D:3      | Killed Jessica
  2281 | D:3      | Reached skill level 8 in Ranged Weapons
  2283 | D:3      | Found Zuighue's Assorted Antiques.
  2381 | D:3      | Found an opulent altar of Gozag.
  2708 | D:3      | Identified a scroll of acquirement
  2708 | D:3      | Acquired the +1 pair of boots "Adihayf" {Dex+3}
  3259 | D:4      | Reached skill level 9 in Ranged Weapons
  3259 | D:4      | Reached XP level 6. HP: 35/35 MP: 6/6
  3490 | D:5      | Entered Level 5 of the Dungeon
  3585 | D:5      | Noticed Ijyb
  3607 | D:5      | Killed Ijyb
  3704 | D:5      | Reached skill level 10 in Ranged Weapons
  3705 | D:5      | Found a blossoming altar of Fedhas.
  3713 | D:5      | Noticed Edmund
  3840 | D:5      | Killed Edmund
  3841 | D:5      | Reached XP level 7. HP: 32/40 MP: 7/7
  3976 | D:5      | Reached skill level 11 in Ranged Weapons
  4027 | D:5      | Reached skill level 12 in Ranged Weapons
  4027 | D:5      | Reached XP level 8. HP: 44/44 MP: 8/8
  4207 | D:5      | Mangled by an ogre

Illustrated notes

Levels and vault maps discovered:
D:1:      spicycebolla_arrival_risky_transporter, layout_rooms,
          lemuel_flame_loot_1
D:2:      layout_basic, grunt_ministairs_14
D:3:      layout_loops_cross, lemuel_doored_altar, serial_shops, shop,
          chequers_ecumenical_altar_simple, uniq_jessica
D:4:      layout_basic
D:5:      layout_cave_pods, fedhas_altar_2, uniq_edmund, uniq_ijyb

Skill      XL: |  1  2  3  4  5  6  7 |
---------------+----------------------+-----
Ranged Weapons | 6 7 9 10 12 | 12.4
Fighting       | |  2.1
Dodging        | |  2.4
Stealth        | |  1.3

Action                   |  1- 3 |  4- 6 |  7- 9 || total
-------------------------+-------+-------+-------++-------
 Fire: Shortbow          |    70 |   156 |    46 ||   272
Throw: Throwing net      |       |     2 |       ||     2
  Use: Scroll            |       |    14 |       ||    14
       Potion            |       |       |     1 ||     1
Armor: Leather armour    |    12 |    20 |     4 ||    36
Dodge: Dodged            |    34 |    42 |    12 ||    88

Table legend: (Time is in decaauts)
 A = Elapsed time spent in this place.
 B = Non-inter-level travel time spent in this place.
 C = Inter-level travel time spent in this place.
 D = Time resting spent in this place.
 E = Time spent auto-exploring this place.
 F = Levels seen in this place.
 G = Mean time per level.
                   A        B        C        D        E       F      G
               +--------+--------+--------+--------+--------+-----+--------+
         Total |   4243 |   4118 |    125 |    643 |   2867 |   5 |  848.6 |
       Dungeon |   4243 |   4118 |    125 |    643 |   2867 |   5 |  848.6 |
               +--------+--------+--------+--------+--------+-----+--------+

Top non-repeatable levels by time:
     D:3: 1006 daAuts
     D:2: 981 daAuts
     D:4: 794 daAuts
     D:1: 779 daAuts
     D:5: 681 daAuts
